 Dungeon Crawl Stone Soup version 0.29-a0-356-g7bc237e783 (console) character file.

Game seed: 2746623009471498625

4983 Melian the Cleaver (level 10, -5/101 HPs)
             Began as a Minotaur Berserker on Apr 27, 2022.
             Was an Elder of Trog.
             Engulfed by a steam dragon's steam (10 damage)
             ... on level 8 of the Dungeon.
             The game lasted 00:35:59 (8900 turns).

Melian the Cleaver (Minotaur Berserker)             Turns: 8900, Time: 00:35:59

Health: -5/101     AC:  8    Str: 25    XL:     10   Next: 29%
Magic:  9/9        EV: 12    Int:  4    God:    Trog [****..]
Gold:   296        SH:  0    Dex: 11    Spells: 9/9 levels left

rFire   . . .      SeeInvis .   b - +0 war axe
rCold   . . .      Faith    .   (no shield)
rNeg    . . .      Spirit   .   t - +3 leather armour
rPois   .          Reflect  .   (helmet restricted)
rElec   .          Harm     .   w - +1 cloak
rCorr   .          Rampage  .   (no gloves)
Will    .....                   (no boots)
Stlth   +.........              (no amulet)
HPRegen 0.26/turn               (no ring)
MPRegen 0.11/turn               (no ring)

@: on berserk cooldown, slowed, very slow
A: horns 2, retaliatory headbutt
a: Renounce Religion, Berserk, Trog's Hand, Brothers in Arms


You were on level 8 of the Dungeon.
You worshipped Trog.
Trog was greatly pleased with you.
You visited 1 branch of the dungeon, and saw 8 of its levels.

You collected 296 gold pieces.


Innate Abilities, Weirdness & Mutations

You have a pair of horns on your head.
You reflexively headbutt those who attack you in melee.


   Skills:
 + Level 13.1 Fighting
 + Level 13.1 Axes
 - Level 3.0 Armour
 - Level 3.0 Dodging


You had 9 spell levels left.
You didn't know any spells.
Your spell library was empty.

Inventory:

Hand Weapons
 b - a +0 war axe (weapon)
 C - a +3 great sword of freezing
Armour
 t - a +3 leather armour (worn)
 w - a +1 cloak (worn)
 A - a +0 plate armour
 D - +0 steam dragon scales
Jewellery
 F - a ring of protection from fire
 M - a ring of magical power
 P - a ring of poison resistance
Wands
 x - a wand of flame (36)
Scrolls
 c - a scroll of amnesia {unknown}
 e - 2 scrolls of identify {@r1}
 h - a scroll of torment
 i - a scroll of noise {unknown}
 j - 3 scrolls of immolation
 m - 3 scrolls of magic mapping
 n - a scroll of enchant armour {unknown}
 o - 2 scrolls of vulnerability
 y - 2 scrolls of teleportation {@r2}
 z - a scroll of fear {unknown}
Potions
 a - a potion of degeneration {unknown}
 d - a potion of heal wounds {@q2}
 g - 3 potions of brilliance
 k - a potion of attraction
 l - a potion of might
 p - 2 potions of magic
 q - a potion of resistance {unknown}
 s - 2 potions of flight
 u - 2 potions of invisibility
 v - a potion of lignification
 B - a potion of cancellation {unknown}

Dungeon Overview and Level Annotations

Branches:
Dungeon (8/15)             Temple (0/1) D:7
   Lair: D:8-11

Altars:
Ashenzari
Wu Jian

Shops:
D:4

*[* #...#.#..#.#.####
...#...#.#..#.......
#..#...(<#..###.####
.... #..#...#.#......#
.P.P #..#...#)##.#####
.P.P.
##..#...#....#####
.....
+...#...)........#
......
#..§........###.#
......# #.†#).#####.#
#.#
.......###oD.......#.#
#.#
..)....ol§§#@......#.#
#.#
........####.#.#####.#
#.# ........#
#.#.......# #.#
........#
#.#.#########.#
........#
#.............#
.......##
#....##########
....... #....# .......
#.#..# #.#>.# #.##+#
..


You could see a steam dragon and an orc wizard.


Message History

The steam dragon breathes steam at you. The ball of steam hits you!
* * * LOW HITPOINT WARNING * * *
The steam dragon bites you!
* * * LOW HITPOINT WARNING * * *
The steam dragon barely misses you.
You hear a shout!
Okay, then.
You feel sick.
Items here: ( )) [ ††.
You feel sick. The steam dragon closely misses you.
The steam dragon claws you but does no damage.
You feel better. The steam dragon breathes steam at you.
The ball of steam hits you!
* * * LOW HITPOINT WARNING * * *
You feel better.
You are engulfed in a cloud of scalding steam.
The steam dragon closely misses you. You furiously retaliate!
You headbutt the steam dragon! The steam dragon closely misses you.
The steam dragon bites you.
* * * LOW HITPOINT WARNING * * *
The steam dragon closely misses you.
You feel better.
You are engulfed in a cloud of scalding steam.
* * * LOW HITPOINT WARNING * * *
The steam dragon closely misses you. The steam dragon claws you.
* * * LOW HITPOINT WARNING * * *
You hit the steam dragon. You punch the steam dragon.
The steam dragon is heavily wounded.
You are engulfed in a cloud of scalding steam.
You die...

Skill      XL: |  1  2  3  4  5  6  7  8  9 10 |
---------------+-------------------------------+-----
Fighting       | 4 6 8 10 12 13 | 13.1
Axes           | 4 6 8 10 12 13 | 13.1
Armour         | 3 |  3.0
Dodging        | 3 |  3.0

Action                   |  1- 3 |  4- 6 |  7- 9 | 10-12 || total
-------------------------+-------+-------+-------+-------++-------
Melee: Hand axe          |    67 |   134 |    31 |       ||   232
       Headbutt          |     7 |    20 |    51 |     1 ||    79
       Punch             |       |     2 |     2 |     1 ||     5
       War axe           |       |       |   249 |    22 ||   271
Throw: Boomerang         |       |       |     1 |       ||     1
Invok: Berserk           |     1 |     3 |     3 |     1 ||     8
       Trog's Hand       |       |       |     1 |       ||     1
       Brothers in Arms  |       |       |     2 |       ||     2
Evoke: Wand              |       |       |     3 |       ||     3
  Use: Potion            |       |       |    11 |     4 ||    15
       Scroll            |       |       |     9 |       ||     9
Armor: Animal skin       |     8 |       |       |       ||     8
       Scale mail        |       |    35 |       |       ||    35
       Leather armour    |       |    19 |   102 |    16 ||   137
Dodge: Dodged            |    44 |    95 |   192 |    21 ||   352

Levels and vault maps discovered:
D:1:      doesnt_arrival_eight_statues, layout_basic
D:2:      layout_loops_ring, basic_altar, hellmonk_ecumenical_altar_crossroads,
          uniq_terence, uniq_sigmund
D:3:      layout_loops_corners, uniq_robin, uniq_crazy_yiuf_cottage
D:4:      layout_layer_cave, gup_sewer_entry_glass, st_stairs_3,
          nicolae_wooded_promenade, uniq_blork_the_orc, uniq_grinder
D:5:      layout_cave_pools, ebering_ghost_disaster_area
D:6:      layout_basic, nicolae_ashenzari_skybound, gammafunk_ghost_grave
D:7:      layout_loops_ring, minmay_temple_entry_from_below_a, enter_bailey_3
D:8:      layout_basic, minmay_lair_entry_grove, uniq_maggie, uniq_erica

Notes
Turn   | Place    | Note
-------+----------+-------------------------------------------
     0 | D:1      | Melian the Minotaur Berserker began the quest for the Orb.
     0 | D:1      | Reached XP level 1. HP: 19/19 MP: 0/0
   482 | D:1      | HP: 2/20 [dart slug/slug dart (3)]
   484 | D:1      | Reached XP level 2. HP: 3/27 MP: 1/1
  1045 | D:1      | Reached skill level 4 in Fighting
  1188 | D:1      | Reached skill level 4 in Axes
  1399 | D:2      | Reached skill level 3 in Armour
  1399 | D:2      | Reached XP level 3. HP: 29/33 MP: 2/2
  1539 | D:2      | Found a faded altar of an unknown god.
  1542 | D:2      | Noticed Terence
  1550 | D:2      | Killed Terence
  1551 | D:2      | Reached skill level 3 in Dodging
  1551 | D:2      | Reached XP level 4. HP: 41/41 MP: 3/3
  1628 | D:2      | Found an ornate altar of the Wu Jian Council.
  1648 | D:2      | Reached ** piety under Trog
  1906 | D:2      | Reached skill level 5 in Fighting
  1906 | D:2      | Reached skill level 5 in Axes
  2183 | D:2      | Noticed Sigmund
  2197 | D:2      | Killed Sigmund
  2198 | D:2      | Reached skill level 6 in Fighting
  2198 | D:2      | Reached skill level 6 in Axes
  2198 | D:2      | Reached XP level 5. HP: 50/50 MP: 4/4
  2198 | D:2      | Reached XP level 6. HP: 57/57 MP: 5/5
  2756 | D:3      | Identified the +3 helmet of Valour {Will++ Regen+ Str+4}
  2756 | D:3      | Noticed Robin
  2779 | D:3      | Killed Robin
  3353 | D:3      | Found a runed translucent door.
  3354 | D:3      | Noticed Crazy Yiuf
  3362 | D:3      | Killed Crazy Yiuf
  3854 | D:4      | HP: 4/58 [iguana (9)]
  3856 | D:4      | Reached XP level 7. HP: 5/64 MP: 6/6
  4194 | D:4      | Reached skill level 7 in Fighting
  4199 | D:4      | Reached skill level 7 in Axes
  4221 | D:4      | Reached *** piety under Trog
  4245 | D:4      | Identified a +1 robe of resistance
  4245 | D:4      | Noticed Blork the orc
  4271 | D:4      | HP: 5/67 [centaur/arrow (6)]
  4283 | D:4      | Killed Blork the orc
  4284 | D:4      | Reached skill level 8 in Fighting
  4287 | D:4      | Reached skill level 8 in Axes
  4536 | D:4      | Noticed Grinder
  4545 | D:4      | Paralysed by Grinder for 2 turns
  4549 | D:4      | Killed Grinder
  4550 | D:4      | Reached XP level 8. HP: 43/75 MP: 7/7
  4908 | D:4      | Found Soliq's Assorted Antiques.
  4910 | D:4      | Found Ecicha's General Store.
  4910 | D:4      | Found Wox Nisk's Armour Shoppe.
  4922 | D:4      | Reached skill level 9 in Fighting
  4922 | D:4      | Reached skill level 9 in Axes
  5222 | D:5      | Entered Level 5 of the Dungeon
  5421 | D:5      | Found a large runed translucent door.
  5421 | D:5      | Found a large runed translucent door.
  5458 | D:5      | Noticed spaghetti's ghost (amateur OgBe)
  5953 | D:5      | Killed spaghetti's ghost
  6484 | D:6      | Reached skill level 10 in Fighting
  6484 | D:6      | Reached skill level 10 in Axes
  6685 | D:6      | Found a broken altar of Ashenzari.
  6751 | D:6      | Found a runed translucent door.
  6751 | D:6      | Noticed pigah's ghost (novice OpAE)
  7085 | D:6      | Killed pigah's ghost
  7085 | D:6      | Reached **** piety under Trog
  7086 | D:6      | Reached XP level 9. HP: 86/86 MP: 8/8
  7137 | D:7      | Reached skill level 11 in Fighting
  7137 | D:7      | Reached skill level 11 in Axes
  7227 | D:7      | Found a staircase to the Ecumenical Temple.
  8531 | D:8      | Noticed Maggie
  8641 | D:7      | Reached skill level 12 in Fighting
  8641 | D:7      | Reached skill level 12 in Axes
  8747 | D:8      | Killed Maggie
  8838 | D:8      | Reached XP level 10. HP: 76/99 MP: 9/9
  8876 | D:8      | Reached skill level 13 in Fighting
  8876 | D:8      | Reached skill level 13 in Axes
  8894 | D:8      | HP: 10/101 [steam dragon (8)]
  8897 | D:8      | HP: 2/101 [steam dragon/ball of steam (13)]
  8900 | D:8      | Engulfed by a steam dragon's steam

Vanquished Creatures
  Maggie (D:8)
  Grinder (D:4)
  Sigmund (D:2)
  The ghost of spaghetti the Skirmisher, an amateur OgBe of Trog (D:5)
  A wyvern (D:8)
  A basilisk (D:8)
  4 water moccasins
  2 black bears (D:8)
  An orc warrior (D:8)
  A sky beast (D:4)
  An ogre (D:4)
  2 centaurs
  A wolf (D:8)
  2 phantoms (D:4)
  2 kobold brigands
  Blork the orc (D:4)
  A bullfrog (D:7)
  A necrophage (D:7)
  A gnoll sergeant (D:7)
  2 scorpions
  6 wights (D:7)
  A howler monkey (D:5)
  2 hounds
  Crazy Yiuf (D:3)
  A jelly (D:6)
  4 orc priests
  4 iguanas
  3 orc wizards
  Terence (D:2)
  Robin (D:3)
  11 adders
  12 gnolls
  An ufetubus (D:5)
  3 worms
  3 dart slugs
  32 orcs
  9 ball pythons
  10 endoplasms
  7 giant cockroaches
  19 goblins
  8 hobgoblins
  4 quokkas
  4 bats
  7 frilled lizards
  20 kobolds
  7 rats
209 creatures vanquished.

Vanquished Creatures (collateral kills)
  The ghost of pigah the Zephyrmancer, a novice OpAE of Gozag (D:6)
  2 wyverns (D:8)
  A wolf (D:8)
  An orc wizard (D:7)
  An orc (D:7)
  A kobold (D:8)
7 creatures vanquished.

Vanquished Creatures (others)
  A fungus (D:8)
  5 plants (D:8)
  2 withered plants (D:6)
8 creatures vanquished.

Grand Total: 224 creatures vanquished

Table legend: (Time is in decaauts)
 A = Elapsed time spent in this place.
 B = Non-inter-level travel time spent in this place.
 C = Inter-level travel time spent in this place.
 D = Time resting spent in this place.
 E = Time spent auto-exploring this place.
 F = Levels seen in this place.
 G = Mean time per level.
                   A        B        C        D        E       F      G
               +--------+--------+--------+--------+--------+-----+--------+
         Total |   8982 |   8774 |    208 |    612 |   5834 |   8 | 1122.8 |
       Dungeon |   8982 |   8774 |    208 |    612 |   5834 |   8 | 1122.8 |
               +--------+--------+--------+--------+--------+-----+--------+

Top non-repeatable levels by time:
     D:7: 1587 daAuts
     D:4: 1416 daAuts
     D:1: 1398 daAuts
     D:3: 1319 daAuts
     D:2: 1147 daAuts
     D:5: 1137 daAuts
     D:6: 784 daAuts
     D:8: 192 daAuts

Table legend:
 A = Non-vault XP
 B = Vault XP
 C = Vault XP percentage of total XP
 D = Non-vault monster count
 E = Vault monster count
 F = Vault count percentage of total count
                 A         B        C        D         E       F
            +---------+---------+-------+---------+---------+-------
      Total |    3107 |    4012 |  56.4 |     173 |      43 |  19.9
            +---------+---------+-------+---------+---------+-------
        D:1 |      35 |       0 |   0.0 |      20 |       0 |   0.0
        D:2 |     112 |     263 |  70.1 |      24 |       2 |   7.7
        D:3 |      80 |      80 |  50.0 |      23 |      14 |  37.8
        D:4 |     716 |     525 |  42.3 |      31 |       9 |  22.5
        D:5 |     320 |     229 |  41.7 |      18 |       1 |   5.3
        D:6 |     259 |     777 |  75.0 |      16 |       1 |   5.9
        D:7 |    1438 |       8 |   0.6 |      33 |       4 |  10.8
        D:8 |     147 |    2130 |  93.5 |       8 |      12 |  60.0
            +---------+---------+-------+---------+---------+-------
